 Dungeon Sprint DCSS version bcrawl-1.12.1 (webtiles) character file.

Game seed: 6801201238053858851

228774 Groucho the Invulnerable (level 19, -33/150 HPs)
             Began as a Gargoyle Fighter on July 10, 2019.
             Was the Champion of Cheibriados.
             Killed from afar by a Brimstone Fiend (49 damage)
             ... with damnation
             ... in the Dungeon (Sprint VII: "The Pits") on July 12, 2019.
             The game lasted 00:53:24 (11458 turns).

Groucho the Invulnerable (Gargoyle Fighter)        Turns: 11458, Time: 00:53:25

Health: -33/150    AC: 58    Str: 41    XL:     19   Next: 42%
Magic:  44/44      EV: 41    Int: 25    God:    Cheibriados [******]
Gold:   168        SH: 38    Dex: 35    Spells: 42/43 levels left

rFire    + + +     SeeInvis +   V - +5 broad axe (pain)
rCold    + + .     Gourm    .   E - +0 large shield of Absence {rC+ rN+ Dex+3}
rNeg     + + .     Faith    .   N - +8 gold dragon scales
rPois    ∞         Spirit   .   e - +1 helmet
rElec    +         Reflect  +   M - +2 cloak {rPois}
rCorr    .         Harm     .   c - +1 pair of gloves
MR       +....     NoTele   +   R - +2 pair of boots
Stlth    ..........             X - +6 amulet of reflection
HPRegen  0.35/turn              J - ring "Ycrauc" {-Tele MP+9 Dex+6 Slay+5 SInv}
MPRegen  0.29/turn              h - ring of Obsession {rF++ EV+6 Str+5 Dex-4}

@: slowed, studying Bows, very slow
A: big wings, deformed body, negative energy resistance 1, electricity
resistance, unbreathing, petrification resistance, rot immunity, AC +14
}: 1/3 runes: silver
a: Fly, Bend Time, Temporal Distortion, Slouch, Step From Time, Renounce
Religion


You were in the Dungeon.
You worshipped Cheibriados.
Cheibriados was exalted by your worship.
You were hungry.

You visited 1 branch You collected 168 gold pieces.

Inventory:

Hand Weapons
 y - a +2 war axe of freezing
 U - the +7 sceptre of Asmodeus
   (You took it off Asmodeus in the Dungeon)
 V - a +5 broad axe of pain (weapon)
Missiles
 Z - 26 tomahawks of dispersal (quivered) {!f}
Armour
 c - a +1 pair of gloves (worn)
 e - a +1 helmet (worn)
 E - the +0 large shield of Absence (worn) {rC+ rN+ Dex+3}
   (You found it in the Dungeon)

   It affects your dexterity (+3).
   It protects you from cold.
   It protects you from negative energy.
 K - a +1 large shield
 M - a +2 cloak of poison resistance (worn)
 N - +8 gold dragon scales (worn)
 R - a +2 pair of boots (worn)
Jewellery
 a - the ring "Poetay" {Int+5 SInv}
   (You found it in the Dungeon)

   [ring of see invisible]

   It affects your intelligence (+5).
   It lets you see invisible.
 g - the amulet of Ru's Envy {Reflect rF+ SH+2}
   (You found it in the Dungeon)

   [amulet of reflection]

   It shields you and reflects attacks.
   It protects you from fire.
   It affects your SH (+2).
 h - the ring of Obsession (right hand) {rF++ EV+6 Str+5 Dex-4}
   (You found it in the Dungeon)

   [ring of evasion]

   It affects your evasion (+6).
   It affects your strength (+5).
   It affects your dexterity (-4).
   It greatly protects you from fire.
 n - the ring of Midsummer {rF+ Str-4 Dex+4 Slay+5}
   (You found it in the Dungeon)

   [ring of slaying]

   It affects your strength (-4).
   It affects your dexterity (+4).
   It affects your accuracy and damage with ranged weapons and melee attacks
   (+5).
   It protects you from fire.
 t - the ring "Uthrasm" {rElec rC+}
   (You found it in the Dungeon)

   [ring of protection from cold]

   It protects you from cold.
   It insulates you from electricity.
 w - the ring "Beurovvo" {rF+ Slay+2}
   (You found it in the Dungeon)

   [ring of protection from fire]

   It affects your accuracy and damage with ranged weapons and melee attacks
   (+2).
   It protects you from fire.
 x - a +3 ring of evasion
 D - the ring "Wameckov" {rElec rF+ rC- MR+ Stlth+}
   (You found it in the Dungeon)

   [ring of protection from magic]

   It protects you from fire.
   It makes you vulnerable to cold.
   It insulates you from electricity.
   It affects your resistance to hostile enchantments.
   It makes you more stealthy.
 H - the ring of Wadgh {rC+ Str+3 Int-2 SInv}
   (You found it in the Dungeon)

   [ring of see invisible]

   It affects your strength (+3).
   It affects your intelligence (-2).
   It protects you from cold.
   It lets you see invisible.
 J - the ring "Ycrauc" (left hand) {-Tele MP+9 Dex+6 Slay+5 SInv}
   (You found it in the Dungeon)

   [ring of dexterity]

   It affects your dexterity (+6).
   It affects your accuracy and damage with ranged weapons and melee attacks
   (+5).
   It affects your magic capacity (+9).
   It lets you see invisible.
   It prevents most forms of teleportation.
 L - the ring of Xurph {rF+ rC+ Str+6 Dex+5}
   (You found it in the Dungeon)

   [ring of strength]

   It affects your strength (+6).
   It affects your dexterity (+5).
   It protects you from fire.
   It protects you from cold.
 O - the ring of Iddami {Ice +Fly rN++ Str-4 Slay+5}
   (You found it in the Dungeon)

   [ring of ice]

   It enhances your ice magic.
   It affects your strength (-4).
   It affects your accuracy and damage with ranged weapons and melee attacks
   (+5).
   It makes you vulnerable to fire.
   It protects you from cold.
   It greatly protects you from negative energy.
   It lets you fly.
 Q - an uncursed amulet of the gourmand
 X - a +6 amulet of reflection (around neck)
Wands
 F - a wand of digging (7)
 P - a wand of flame (16)
 W - a wand of acid (8)
 Y - a wand of clouds (4)
Scrolls
 j - 4 scrolls of fear
 l - 7 scrolls of identify
 o - 2 scrolls of vulnerability
 p - 11 scrolls of remove curse
 q - 5 scrolls of amnesia
 r - a scroll of summoning
 z - 3 scrolls of blinking
 C - 2 scrolls of fog
 I - 2 scrolls of enchant armour
 S - a scroll of magic mapping
 T - 2 scrolls of enchant weapon
Potions
 b - a potion of flight
 d - 3 potions of might
 i - a potion of brilliance
 m - a potion of invisibility
 s - 5 potions of curing
 u - 4 potions of heal wounds
 v - 2 potions of lignification
 A - a potion of agility
 B - 4 potions of mutation
Books
 k - a manual of Bows
Comestibles
 f - 14 rations {!d}


   Skills:
 + Level 26.6 Fighting
 - Level 18.1 Axes
 O Level 27 Armour
 O Level 27 Dodging
 O Level 27 Shields
 - Level 12.7 Spellcasting
 - Level 23.0 Invocations


You had 42 spell levels left.
You knew the following spells:

 Your Spells              Type           Power        Failure   Level  Hunger
a - Apportation           Tloc           ###...       13%         1    None

Your spell library contained the following spells:

 Spells                   Type           Power        Failure   Level  Hunger
 Beastly Appendage        Tmut           ###...       13%         1    None
 Corona                   Hex            ###....      13%         1    None
 Flame Tongue             Conj/Fire      ###..        13%         1    None
 Sandblast                Erth           ###...       13%         1    None
 Slow                     Hex            ###.....     13%         1    None
 Sting                    Conj/Pois      ###.         13%         1    None
 Summon Butterflies       Summ           ###.....     13%         1    None
 Call Imp                 Summ           ###.....     19%         2    None
 Ensorcelled Hibernation  Hex/Ice        ###...       19%         2    None
 Passwall                 Tmut/Erth      ###.....     19%         2    None
 Poisonous Vapours        Pois/Air       ###...       19%         2    None
 Shackle                  Hex            ###.....     19%         2    None
 Song of Slaying          Chrm           ###.....     19%         2    None
 Swiftness                Chrm/Air       ###.....     19%         2    None
 Beckoning                Tloc           ###.......   36%         3    None
 Conjure Flame            Conj/Fire      ###.....     36%         3    None
 False Image              Hex/Summ       ###.....     36%         3    None
 Ignite Poison            Fire/Tmut/Pois ###.....     36%         3    None
 Inner Flame              Hex/Fire       N/A          36%         3    None
 Leda's Liquefaction      Hex/Erth       ###.......   36%         3    None
 Portal Projectile        Tloc           ###...       36%         3    None
 Recall                   Summ/Tloc      N/A          36%         3    None
 Spectral Weapon          Hex/Chrm       ###.....     36%         3    None
 Spider Form              Tmut/Pois      ###          36%         3    None
 Stone Arrow              Conj/Erth      ###...       36%         3    None
 Tukima's Dance           Hex            ###.....     36%         3    None
 Animate Dead             Necr           N/A          77%         4    None
 Cause Fear               Hex            ###.......   77%         4    None
 Force Lance              Tloc           ###.....     77%         4    None
 Olgreb's Toxic Radiance  Pois           ###.....     77%         4    None
 Petrify                  Tmut/Erth      ###.....     77%         4    None
 Sticky Flame             Conj/Fire      ###.....     77%         4    None
 Summon Scorpions         Summ/Pois      ###.....     77%         4    None
 Yara's Violent Unravell  Hex/Tmut       ###.......   77%         4    None
 Alistair's Intoxication  Tmut/Pois      ###.....     98%         5    ###....
 Blade Hands              Tmut           ###.......   98%         5    ###....
 Bolt of Magma            Conj/Fire/Erth ###.......   98%         5    ###....
 Fireball                 Conj/Fire      ###.......   98%         5    ###....
 Irradiate                Conj/Tmut      ###.......   98%         5    ###....
 Lee's Rapid Deconstruct  Erth           ###.......   98%         5    ###....
 Piercing Shot            Chrm           ###.......   98%         5    ###....
 Silence                  Hex/Air        ###.......   98%         5    ###....
 Summon Forest            Summ/Tloc      ###.......   98%         5    ###....
 Tree Form                Hex/Tmut       N/A          98%         5    ###....
 Venom Bolt               Conj/Pois      ###.......   98%         5    ###....
 Borgnjor's Vile Clutch   Necr/Erth      ###.......   100%        6    #####..
 Darkness                 Hex            ###.......   100%        6    #####..
 Death Channel            Necr           ###.......   100%        6    #####..
 Dispersal                Tloc           ###.......   100%        6    #####..
 Invisibility             Hex            ###.....     100%        6    #####..
 Iron Shot                Conj/Erth      ###.......   100%        6    #####..
 Shadow Creatures         Summ           N/A          100%        6    #####..
 Simulacrum               Ice/Necr       ###.......   100%        6    #####..
 Dragon Form              Tmut           ###....      100%        7    ######.
 Ring of Flames           Chrm/Fire      ###.......   100%        7    ######.
 Controlled Blink         Tloc           N/A          100%        8    #######
 Necromutation            Tmut/Necr      ###.....     100%        8    #######
 Shatter                  Erth           ###.......   100%        9    #######
 Statue Form              Tmut/Erth      Unusable     N/A         6    N/A

Dungeon Overview and Level Annotations

Branches:
Dungeon (1/1)

Altars:
Ashenzari
Cheibriados
Dithmenos
Elyvilon
Fedhas
Gozag
Hepliaklqana
Kikubaaqudgha
Lugonu
Makhleb
Nemelex Xobeh
Okawaru
Qazlal
Ru
Sif Muna
Trog
Uskayaw
Vehumet
Wu Jian
Xom
Yredelemnul
Zin
The Shining One
Beogh
Jiyva


Innate Abilities, Weirdness & Mutations

You are resistant to torment.
Your stone body is resilient. (AC +14)
You are immune to poison.
Your large and strong wings let you fly indefinitely.
You resist negative energy. (rN+)
You are resistant to electric shocks. (rElec)
You can survive without breathing.
You are immune to petrification.
You are immune to rotting.
Armour fits poorly on your strangely shaped body.


Message History

You hit the Brimstone Fiend but do no damage.
The Brimstone Fiend is moderately wounded.
You block the Brimstone Fiend's attack. The Brimstone Fiend misses you.
The Brimstone Fiend completely misses you.
You slice the Brimstone Fiend!!
The Brimstone Fiend is heavily wounded.
You block the Brimstone Fiend's attack. x2
The Brimstone Fiend hits you but does no damage.
You slash the Brimstone Fiend!
The Brimstone Fiend is heavily wounded.
The Brimstone Fiend gestures at you.
The sphere of damnation explodes!
The damnation engulfs you!
* * * LOW HITPOINT WARNING * * *
The damnation engulfs the Brimstone Fiend.
The Brimstone Fiend completely resists.
You slice the Brimstone Fiend!!
The Brimstone Fiend is severely wounded.
The Brimstone Fiend gestures at you.
The sphere of damnation explodes!
The damnation engulfs you!
You die...

### ### ### ###
+#.###.###.###.####
#...'...#...')..'.#
##.###)###.###.####
#@# ##'.##'.###.##
#..1#...#)).#...#.).#
##.# #.+##))##.##')##
#+ ## #)#.#'#)#'#
##.###.###.##
#...'...#...#
##+.+##.+#'.##
#[###.###.#'#
##'.###.###.##


You could see a Brimstone Fiend.

Vanquished Creatures
  Asmodeus (D)
  the Royal Jelly (D)
  Mnoleg (D)
  An orb of fire (D)
  3 ancient liches (D)
  A pandemonium lord (D)
  A greater mummy (D)
  2 profane servitors (D)
  2 golden dragons (D)
  Jory (D)
  A bone dragon (D)
  3 liches (D)
  2 Brimstone Fiends (D)
  A Shadow Fiend (D)
  3 Hell Sentinels (D)
  An Ice Fiend (D)
  Rupert (D)
  A titan (D)
  2 quicksilver dragons (D)
  3 acid blobs (D)
  Frances (D)
  2 death cobs (D)
  2 shadow dragons (D)
  2 draconian monks (D)
  Kirke (D)
  A sphinx (D)
  A daeva (D)
  3 nagarajas (D)
  3 azure jellies (D)
  A frost giant (D)
  3 fire giants (D)
  2 ghost moths (D)
  A draconian scorcher (D)
  2 deep elf sorcerers (D)
  4 orc warlords (D)
  A draconian knight (D)
  Aizul (D)
  2 emperor scorpions (D)
  A spriggan defender (D)
  A reaper (D)
  2 balrugs (D)
  A green draconian (D)
  A black draconian (D)
  3 deep elf demonologists (D)
  A vampire knight (D)
  A minotaur (D)
  A dire elephant (D)
  2 deep elf annihilators (D)
  A yellow draconian (D)
  2 death oozes (D)
  A green death (D)
  A deep elf death mage (D)
  2 ogre magi (D)
  An ettin (D)
  A fire dragon (D)
  A great orb of eyes (D)
  A deep elf high priest (D)
  Erolcha (D)
  3 yaktaur captains (D)
  A hydra (D)
  Psyche (D)
  An ice dragon (D)
  2 catoblepae (D)
  2 death knights (D)
  12 vault guards (D)
  A merfolk aquamancer (D)
  A spriggan air mage (D)
  4 naga warriors (D)
  Erica (D)
  An anaconda (D)
  A dancing weapon (D)
  An iron elemental (D)
  A two-headed ogre (D)
  4 vampire magi (D)
  A fire crab (D)
  A deep elf knight (D)
  10 hell knights (D)
  An iron troll (D)
  4 skeletal warriors (D)
  A shadow wraith (D)
  A deep troll (D)
  A death drake (D)
  A flayed ghost (D)
  2 phantasmal warriors (D)
  A swamp dragon (D)
  A naga ritualist (D)
  12 orc knights (D)
  13 wizards (D)
  18 necromancers (D)
  3 orc sorcerers (D)
  A wolf spider (D)
  2 salamanders (D)
  A guardian serpent (D)
  5 naga magi (D)
  2 molten gargoyles (D)
  A rust devil (D)
  An eye of devastation (D)
  2 efreet (D)
  A hellion (D)
  A komodo dragon (shapeshifter) (D)
  8 yaktaurs (D)
  3 komodo dragons (D)
  3 kobold demonologists (D)
  A guardian mummy (D)
  2 ice devils (D)
  A troll (D)
  A jumping spider (D)
  A hornet (D)
  A bog body (D)
  6 dream sheep (D)
  2 large abominations (D)
  4 redbacks (D)
  2 spriggans (D)
  A shadow (D)
  3 water elementals (D)
  A vampire (D)
  A redback (shapeshifter) (D)
  A basilisk (D)
  2 tarantellas (D)
  2 wraiths (D)
  Grum (D)
  11 humans (D)
  2 neqoxecs (D)
  4 nagas (D)
  4 insubstantial wisps (D)
  3 floating eyes (D)
  5 hell hounds (D)
  Duvessa (D)
  10 orc warriors (D)
  2 sky beasts (D)
  2 phantoms (D)
  An eye of draining (D)
  A necrophage (D)
  5 wolves (D)
  2 centaurs (D)
  2 big kobolds (D)
  A bullfrog (D)
  A gnoll sergeant (D)
  2 earth elementals (D)
  Dowan (D)
  3 wights (D)
  A jelly (D)
  3 orc priests (D)
  An iron imp (D)
  Crazy Yiuf (D)
  2 orc wizards (D)
  A mummy (D)
  4 gnolls (D)
  A white imp (D)
  2 ufetubi (D)
  An ooze (D)
  12 orcs (D)
  2 ball pythons (D)
  A bat zombie (D)
  2 giant cockroaches (D)
  A hobgoblin (D)
  5 jackals (D)
  A quokka (D)
  3 bats (D)
  A bat simulacrum (D)
  6 kobolds (D)
  A leopard gecko zombie (D)
378 creatures vanquished.

Vanquished Creatures (others)
  Margery (D)
  A catoblepas (D)
  2 humans (D)
  A water elemental (D)
  An orc (D)
  A jackal skeleton (D)
7 creatures vanquished.

Grand Total: 385 creatures vanquished

Notes
Turn   | Place    | Note
-------+----------+-------------------------------------------
     0 | D        | Groucho the Gargoyle Fighter began the quest for the Orb.
     0 | D        | Reached XP level 1. HP: 14/14 MP: 1/1
   309 | D        | Found a bloodstained altar of Trog.
   309 | D        | Found a deep blue altar of Sif Muna.
   309 | D        | Found a viscous altar of Jiyva.
   309 | D        | Found a hazy altar of Hepliaklqana.
   309 | D        | Found an opulent altar of Gozag.
   310 | D        | Found a glowing golden altar of the Shining One.
   310 | D        | Found a glowing silver altar of Zin.
   310 | D        | Found a basalt altar of Yredelemnul.
   310 | D        | Found a shimmering altar of Xom.
   310 | D        | Found an ornate altar of the Wu Jian Council.
   310 | D        | Found a sacrificial altar of Ru.
   310 | D        | Found a stormy altar of Qazlal.
   310 | D        | Found an iron altar of Okawaru.
   310 | D        | Found a sparkling altar of Nemelex Xobeh.
   310 | D        | Found a burning altar of Makhleb.
   310 | D        | Found a blossoming altar of Fedhas.
   310 | D        | Found a white marble altar of Elyvilon.
   310 | D        | Found a shadowy altar of Dithmenos.
   310 | D        | Found a snail-covered altar of Cheibriados.
   312 | D        | Found a radiant altar of Vehumet.
   312 | D        | Found a corrupted altar of Lugonu.
   312 | D        | Found a roughly hewn altar of Beogh.
   313 | D        | Found a hide-covered altar of Uskayaw.
   313 | D        | Found an ancient bone altar of Kikubaaqudgha.
   313 | D        | Found a shattered altar of Ashenzari.
   321 | D        | Became a worshipper of Cheibriados the Contemplative
   337 | D        | Noticed a floating eye
   339 | D        | Paralysed by a floating eye for 4 turns
   347 | D        | Paralysed by a floating eye for 2 turns
   349 | D        | Killed a floating eye
   349 | D        | Reached skill level 5 in Fighting
   349 | D        | Reached skill level 5 in Armour
   349 | D        | Reached skill level 5 in Shields
   349 | D        | Reached XP level 2. HP: 21/21 MP: 1/4
   349 | D        | Reached XP level 3. HP: 26/26 MP: 1/5
   349 | D        | Reached XP level 4. HP: 31/31 MP: 1/6
   705 | D        | Reached * piety under Cheibriados
   708 | D        | Reached ** piety under Cheibriados
   726 | D        | Reached *** piety under Cheibriados
   730 | D        | Reached XP level 5. HP: 36/36 MP: 6/8
   745 | D        | Reached **** piety under Cheibriados
   808 | D        | Noticed a phantom
   840 | D        | Killed a phantom
   840 | D        | Reached skill level 5 in Axes
   840 | D        | Reached skill level 5 in Invocations
  1186 | D        | Noticed Duvessa
  1186 | D        | Noticed Dowan
  1186 | D        | Noticed a sky beast
  1186 | D        | Noticed a sky beast
  1193 | D        | Killed Duvessa
  1193 | D        | Reached ***** piety under Cheibriados
  1193 | D        | Reached XP level 6. HP: 44/44 MP: 8/10
  1193 | D        | Killed Dowan
  1199 | D        | Killed a sky beast
  1199 | D        | Reached XP level 7. HP: 48/48 MP: 3/12
  1482 | D        | Noticed Crazy Yiuf
  1487 | D        | Killed Crazy Yiuf
  1498 | D        | Noticed a molten gargoyle
  1508 | D        | Killed a molten gargoyle
  1508 | D        | Reached XP level 8. HP: 47/56 MP: 12/14
  1514 | D        | Reached ****** piety under Cheibriados
  1652 | D        | Noticed a kobold demonologist
  1652 | D        | Noticed a kobold demonologist
  1652 | D        | Noticed a kobold demonologist
  1652 | D        | Noticed Grum
  1654 | D        | Killed a kobold demonologist
  1654 | D        | Reached skill level 10 in Fighting
  1654 | D        | Reached skill level 10 in Armour
  1654 | D        | Reached skill level 10 in Shields
  1654 | D        | Killed a kobold demonologist
  1654 | D        | Reached XP level 9. HP: 63/63 MP: 9/16
  1654 | D        | Killed Grum
  1657 | D        | Killed a kobold demonologist
  1657 | D        | Reached skill level 10 in Invocations
  1776 | D        | Noticed a guardian mummy
  1777 | D        | Noticed a phantasmal warrior
  1791 | D        | Killed a guardian mummy
  1828 | D        | Killed a phantasmal warrior
  2015 | D        | Noticed a jumping spider
  2016 | D        | Noticed a phantasmal warrior
  2018 | D        | Killed a jumping spider
  2018 | D        | Reached XP level 10. HP: 70/70 MP: 18/18
  2024 | D        | Killed a phantasmal warrior
  2024 | D        | Reached skill level 10 in Axes
  2161 | D        | Noticed a two-headed ogre
  2166 | D        | Killed a two-headed ogre
  2178 | D        | Noticed Psyche
  2180 | D        | Noticed an orc sorcerer
  2192 | D        | Killed a shadow wraith
  2192 | D        | Killed Psyche
  2243 | D        | Killed an orc sorcerer
  2243 | D        | Reached XP level 11. HP: 57/78 MP: 14/20
  2247 | D        | Noticed an orc knight
  2248 | D        | Noticed a salamander
  2250 | D        | Noticed a naga ritualist
  2251 | D        | Killed an orc knight
  2264 | D        | Killed a salamander
  2269 | D        | Killed a naga ritualist
  2561 | D        | Noticed an orc knight
  2564 | D        | Noticed a catoblepas
  2564 | D        | Noticed Erica
  2566 | D        | Killed an orc knight
  2567 | D        | Killed Erica
  2572 | D        | Killed a catoblepas
  2575 | D        | Noticed Aizul
  2576 | D        | HP: 4/80 [Aizul/poison arrow (15)]
  2595 | D        | Killed Aizul
  2595 | D        | Reached XP level 12. HP: 55/86 MP: 13/22
  2702 | D        | Found the ring of the Mage {Wiz MR++ Int+3}
  2833 | D        | Noticed a naga warrior
  2834 | D        | Noticed a naga warrior
  2857 | D        | Killed a naga warrior
  2859 | D        | Killed a naga warrior
  2859 | D        | Reached skill level 15 in Fighting
  2859 | D        | Reached skill level 15 in Armour
  2859 | D        | Reached skill level 15 in Shields
  3203 | D        | Noticed a vampire knight
  3213 | D        | Killed a vampire knight
  3234 | D        | Reached skill level 1 in Dodging
  3250 | D        | Noticed Erolcha
  3250 | D        | Noticed a death cob
  3253 | D        | Killed a death cob
  3254 | D        | Killed Erolcha
  3546 | D        | Noticed a vampire mage
  3546 | D        | Noticed an orc warlord
  3547 | D        | Noticed an orc warlord
  3548 | D        | Noticed a nagaraja
  3551 | D        | Killed a vampire mage
  3552 | D        | Reached XP level 13. HP: 85/93 MP: 8/24
  3552 | D        | Reached skill level 5 in Dodging
  3554 | D        | Killed a nagaraja
  3559 | D        | Killed an orc warlord
  3564 | D        | Killed an orc warlord
  3577 | D        | Noticed a yaktaur captain
  3604 | D        | Noticed a vault guard
  3609 | D        | Killed a yaktaur captain
  3613 | D        | Killed a vault guard
  3927 | D        | Noticed a vault guard
  3927 | D        | Noticed a vault guard
  3942 | D        | Killed a vault guard
  3944 | D        | Killed a vault guard
  3994 | D        | Got the +5 chain mail "Fixzot" {rCorr}
  4184 | D        | Noticed a yaktaur captain
  4186 | D        | Noticed a balrug
  4202 | D        | Killed a balrug
  4202 | D        | Reached skill level 15 in Axes
  4206 | D        | Killed a yaktaur captain
  4231 | D        | Found the +8 arc blade {discharge, rElec}
  4656 | D        | Noticed an emperor scorpion
  4656 | D        | Noticed a fire dragon
  4656 | D        | Noticed a profane servitor
  4672 | D        | Killed an emperor scorpion
  4672 | D        | Gained mutation: Your large and strong wings let you fly
                  | indefinitely. [Gargoyle growth]
  4672 | D        | Reached XP level 14. HP: 103/103 MP: 3/25
  4696 | D        | Killed a profane servitor
  4728 | D        | Got the ring "Uthrasm" {rElec rC+}
  4750 | D        | Learned a level 1 spell: Apportation
  4771 | D        | Noticed an emperor scorpion
  4772 | D        | Noticed a black draconian knight
  4773 | D        | Noticed a fire giant
  4811 | D        | Killed a fire giant
  4824 | D        | Killed a black draconian knight
  4839 | D        | Killed an emperor scorpion
  4858 | D        | Reached skill level 10 in Dodging
  4939 | D        | Got the amulet of Daifiq {Spirit rPois rF+ rC- rN+}
  4950 | D        | Got the Guide on Lucky Transmutation
  5090 | D        | Upgraded the game from bcrawl-1.12-11-gb93c957c58 to
                  | bcrawl-1.12.1
  5169 | D        | Noticed a nagaraja
  5212 | D        | Killed a nagaraja
  5267 | D        | Noticed Kirke
  5283 | D        | Killed Kirke
  5300 | D        | Noticed a spriggan defender
  5303 | D        | Noticed a nagaraja
  5304 | D        | Noticed a fire giant
  5305 | D        | Noticed a death cob
  5306 | D        | Noticed a deep elf annihilator
  5306 | D        | Killed a spriggan defender
  5306 | D        | Noticed an orc warlord
  5307 | D        | Noticed an acid blob
  5325 | D        | Noticed Jory
  5331 | D        | Noticed a bone dragon
  5332 | D        | Killed a fire giant
  5332 | D        | Reached XP level 15. HP: 11/112 MP: 8/26
  5332 | D        | Noticed a profane servitor
  5333 | D        | Killed an acid blob
  5762 | D        | Killed a profane servitor
  5904 | D        | Noticed a Brimstone Fiend
  5913 | D        | Killed Jory
  5930 | D        | Killed a Brimstone Fiend
  6298 | D        | Noticed a golden dragon
  6317 | D        | Killed a golden dragon
  6362 | D        | Killed a bone dragon
  6386 | D        | Killed a death cob
  6386 | D        | Reached skill level 15 in Invocations
  6420 | D        | Noticed an ancient lich
  6443 | D        | Killed an ancient lich
  6451 | D        | Killed a nagaraja
  6451 | D        | Reached XP level 16. HP: 88/121 MP: 0/29
  6664 | D        | Noticed a yellow draconian monk
  6693 | D        | Killed a yellow draconian monk
  6755 | D        | Got the +0 triple sword of Beyond {elec, rC- Dex+6}
  6791 | D        | Got the +0 large shield of Absence {rC+ rN+ Dex+3}
  6871 | D        | Noticed Rupert
  6872 | D        | Identified the cursed +0 hand axe "Roer Doth" {protect,
                  | rN++}
  6883 | D        | Killed Rupert
  6903 | D        | Got the Papyrus of Ashen Creation
  6915 | D        | Got the ring of Yvviommylas {Ice rPois rN+ Dex+4 Slay-3
                  | SInv}
  6918 | D        | Got a silver rune of Zot
  6967 | D        | Got the +9 shortbow of Equilibrium {venom, rF+++ rN+ Int+4}
  7292 | D        | Noticed a daeva
  7319 | D        | Killed a daeva
  7319 | D        | Reached skill level 15 in Dodging
  7510 | D        | Noticed a lich
  7522 | D        | Noticed an Executioner
  7524 | D        | Killed a lich
  7524 | D        | Reached XP level 17. HP: 102/129 MP: 10/32
  7758 | D        | Noticed a Shadow Fiend
  7759 | D        | Noticed a Brimstone Fiend
  8179 | D        | Reached skill level 1 in Spellcasting
  8228 | D        | Got the ring "Poetay" {Int+5 SInv}
  8230 | D        | Got the ring "Bewkexuc" {rF- rC++ Slay+5 Stlth+}
  8233 | D        | Got the amulet of Wyickog {+Rage rElec rPois Dex-5}
  8236 | D        | Got the amulet of Ru's Envy {Reflect rF+ SH+2}
  8238 | D        | Got the amulet "Zimumusk" {Gourm +Fly Str+4}
  8242 | D        | Got the amulet of Xom's Flight of Fancy {Spirit MR++}
  8245 | D        | Got the amulet of Hiprekai {+Blink +Rage}
  8248 | D        | Got the amulet of Music {Spirit rN+ MR+}
  8250 | D        | Got the ring of Zin's Regard {Fire MR- Str+5}
  8253 | D        | Got the amulet "Reikaleu" {Reflect Dex+7 SH+2}
  8256 | D        | Got the amulet of Disainwa {*Contam +Rage Str+3 Dex+4 SInv}
  8259 | D        | Got the ring of Midsummer {rF+ Str-4 Dex+4 Slay+5}
  8263 | D        | Got the amulet of Salvation {*Slow rElec Regen+ Dex+2}
  8267 | D        | Got the amulet "Eplunk" {Reflect +Blink +Fly SH+2}
  8287 | D        | Got the ring of Obsession {rF++ EV+6 Str+5 Dex-4}
  8289 | D        | Got the ring of the Shining Light {+Blink rC+ rN+ Stlth+}
  8292 | D        | Got the ring of Ypuxted {rN++ MR+}
  8295 | D        | Got the ring "Beurovvo" {rF+ Slay+2}
  8297 | D        | Got the ring of Nemelex Xobeh's Anger {rElec MR+ Str-3
                  | Dex+6}
  8301 | D        | Got the ring "Wameckov" {rElec rF+ rC- MR+ Stlth+}
  8303 | D        | Got the ring of Syndicalism {Fire rN+ Int+2 Slay+2 Stlth+}
  8306 | D        | Got the ring of Wadgh {rC+ Str+3 Int-2 SInv}
  8308 | D        | Got the ring "Ycrauc" {-Tele MP+9 Dex+6 Slay+5 SInv}
  8310 | D        | Got the ring "Udwaarur" {Wiz rElec MR+ Stlth+}
  8313 | D        | Got the ring of the Skies Above {Ice Int+6 Dex+4}
  8316 | D        | Got the ring of Xurph {rF+ rC+ Str+6 Dex+5}
  8318 | D        | Got the ring "Haague Ricai" {Wiz -Tele Int+3}
  8321 | D        | Got the ring of Iddami {Ice +Fly rN++ Str-4 Slay+5}
  8365 | D        | Noticed a sphinx
  8365 | D        | Noticed Frances
  8378 | D        | Killed Frances
  8380 | D        | Killed a sphinx
  8388 | D        | Reached skill level 5 in Spellcasting
  8406 | D        | Got the Handbook of the Volcanoes and Transmigration
  8414 | D        | Got the Incunabulum of Summoning
  8423 | D        | Got Sif Muna's Collected Works on Entrancing Good Luck
  8512 | D        | Noticed a Hell Sentinel
  8532 | D        | Killed a Hell Sentinel
  8553 | D        | Noticed the Royal Jelly
  8554 | D        | Noticed an acid blob
  8565 | D        | Killed an acid blob
  8568 | D        | Killed the Royal Jelly
  8568 | D        | Reached skill level 10 in Spellcasting
  8568 | D        | Noticed an acid blob
  8576 | D        | Killed an acid blob
  9090 | D        | Noticed an ancient lich
  9104 | D        | Killed an ancient lich
  9223 | D        | Noticed a quicksilver dragon
  9233 | D        | Killed a quicksilver dragon
  9233 | D        | Reached XP level 18. HP: 141/141 MP: 11/34
  9237 | D        | Noticed a greater mummy
  9251 | D        | Killed a greater mummy
  9598 | D        | Noticed a Brimstone Fiend
  9607 | D        | Killed a Brimstone Fiend
  9610 | D        | Noticed a golden dragon
  9623 | D        | Killed a golden dragon
  9623 | D        | Reached skill level 27 in Armour
  9903 | D        | Noticed an orb of fire
  9911 | D        | Gained mutation: Armour fits poorly on your strangely
                  | shaped body. [an orb of fire]
  9925 | D        | Killed an orb of fire
  9925 | D        | Reached skill level 27 in Shields
  9945 | D        | Identified the +7 sceptre of Asmodeus
  9945 | D        | Noticed Asmodeus
  9960 | D        | Noticed a Brimstone Fiend
  9960 | D        | Noticed a Brimstone Fiend
  9964 | D        | Noticed a Brimstone Fiend
  9973 | D        | Noticed Mnoleg
  9983 | D        | Noticed a tentacled monstrosity
 10002 | D        | Noticed a tentacled monstrosity
 10005 | D        | Killed Asmodeus
 10033 | D        | Killed Mnoleg
 10057 | D        | Noticed an Ice Fiend
 10063 | D        | Killed an Ice Fiend
 10582 | D        | Noticed a lich
 10588 | D        | Noticed a Brimstone Fiend
 10595 | D        | Killed a lich
 10598 | D        | Noticed a Shadow Fiend
 10604 | D        | Killed a Shadow Fiend
 10610 | D        | Noticed a titan
 10625 | D        | Killed a titan
 11108 | D        | Noticed Yrhihytury the pandemonium lord
 11124 | D        | Killed Yrhihytury the pandemonium lord
 11124 | D        | Reached XP level 19. HP: 137/146 MP: 14/35
 11143 | D        | Noticed Margery
 11161 | D        | Killed Margery
 11171 | D        | Noticed a Hell Sentinel
 11181 | D        | Killed a Hell Sentinel
 11219 | D        | Noticed a lich
 11225 | D        | Paralysed by a lich for 3 turns
 11229 | D        | Killed a lich
 11426 | D        | Noticed a Hell Sentinel
 11426 | D        | Noticed an ancient lich
 11431 | D        | Noticed a Brimstone Fiend
 11434 | D        | Killed an ancient lich
 11434 | D        | Reached skill level 27 in Dodging
 11451 | D        | Killed a Hell Sentinel
 11458 | D        | Killed from afar by a Brimstone Fiend

Skill      XL: |  1  2  3  4  5  6  7  8  9 10 11 12 13 14 15 16 17 18 19 |
---------------+----------------------------------------------------------+-----
Axes           | 4 5 6 7 8 9 11 12 13 15 16 18 | 18.1
Fighting       | 5 7 9 10 11 13 14 16 17 19 21 22 25 26 | 26.6
Armour         | 5 7 9 10 11 13 14 16 17 19 21 22 25 27 | 27.0
Shields        | 5 7 9 10 11 13 14 16 17 20 22 24 26 27 | 27.0
Invocations    | 3 4 5 6 8 9 10 12 14 19 22 23 | 23.0
Dodging        | 4 8 11 13 15 17 24 27 | 27.0
Spellcasting   | 12 | 12.7

Action                   |  1- 3 |  4- 6 |  7- 9 | 10-12 | 13-15 | 16-18 | 19-21 || total
-------------------------+-------+-------+-------+-------+-------+-------+-------++-------
Melee: War axe           |    11 |       |    39 |   111 |    19 |       |       ||   180
       Hand axe          |     7 |    43 |    24 |       |       |       |       ||    74
       Broad axe         |       |       |       |       |   432 |   537 |    92 ||  1061
Throw: Stone             |       |       |       |     1 |     3 |       |       ||     4
       Tomahawk          |       |       |       |       |       |     1 |       ||     1
 Cast: Apportation       |       |       |       |       |     1 |       |       ||     1
Invok: Slouch            |       |     2 |     2 |    24 |    15 |    21 |     3 ||    67
  Use: Potion            |     2 |       |     1 |     8 |    17 |    15 |       ||    43
       Scroll            |       |       |       |       |     6 |       |       ||     6
 Stab: Petrified         |       |       |       |       |    18 |       |       ||    18
       Petrifying        |       |       |       |       |     2 |       |       ||     2
       Invisible         |       |       |       |       |     2 |       |       ||     2
  Eat: Ration            |       |       |     1 |     1 |     3 |     2 |       ||     7
       Chunk             |       |       |       |     2 |       |       |       ||     2
Armor: Scale mail        |    21 |     5 |       |       |       |       |       ||    26
       Chain mail        |       |    10 |    14 |    46 |    12 |       |       ||    82
       Shadow dragon sca |       |       |       |       |   148 |       |       ||   148
       Plate armour      |       |       |       |       |     3 |       |       ||     3
       Gold dragon scale |       |       |       |       |    52 |   165 |    18 ||   235
Dodge: Dodged            |     8 |     9 |    12 |    39 |   232 |   276 |    35 ||   611
Block: Shield            |    13 |    31 |    32 |   103 |    56 |       |       ||   235
       Large shield      |       |       |       |       |   603 |   654 |   118 ||  1375
       Reflection        |       |       |       |       |       |     5 |     3 ||     8
